Map: Катализатор РВ

Players

Sayo

  • Race: Terran Terran
  • League: Bronze
  • Spawn Location: 5:00

ИИ 1 (эксперт) - Winner!

  • Race: Zerg Zerg
  • Spawn Location: 11:00

VOD

Have the link to the VOD?

Description

Time

  • Played on: Jan. 27, 2018, 12:10 p.m.
  • Length: 9:21
Show
View Real Time Build Order
Export as new Build Order

Sayo Terran 

Build Orders: Liberator Opening, Reaper Expand, MMM Bio 

Get SALT Encoding   

  6  0:00  SCV  
  13  0:12  SCV  
  14  0:17  Supply Depot  
  14  0:24  SCV  
  15  0:30  Refinery  
  15  0:38  SCV  
  16  0:44  Barracks  
  16  0:50  SCV  
  17  1:02  SCV  
  18  1:15  SCV  
  19  1:30  Orbital Command  
  19  1:31  Reaper  
  20  1:43  Command Center  
  20  1:53  Factory  
  20  1:56  SCV  
  21  2:05  Refinery  
  21  2:07  Barracks Reactor  
  21  2:09  SCV  
  22  2:17  Supply Depot  
  22  2:21  SCV  
  23  2:38  Starport  
  23  2:39  SCV  
  24  2:48  Hellion x2  
  24  2:50  Marine  
  24  2:51  SCV  
  30  2:55  Orbital Command  
  30  3:04  SCV  
  31  3:09  Hellion x2  
  31  3:10  Marine  
  36  3:17  Medivac  
  38  3:25  Armory  
  38  3:28  Marine  
  38  3:31  Hellion  
  38  3:32  Hellion  
  43  3:36  Supply Depot  
  43  3:38  SCV  
  43  3:40  SCV  
  45  3:50  Liberator  
  45  3:56  SCV  
  45  3:58  Barracks Tech Lab, SCV  
  45  4:00  Hellion x2  
  51  4:02  Supply Depot  
  54  4:24  SCV x2  
  54  4:26  Supply Depot  
  54  4:28  Hellion x2  
  60  4:34  Command Center  
  60  4:37  Barracks Tech Lab  
  60  4:40  SCV x2  
  62  4:48  Supply Depot  
  62  4:52  SCV x2  
  64  4:56  Marine, Stimpack  
  65  5:05  Banshee  
  65  5:06  SCV  
  69  5:10  SCV  
  69  5:11  Supply Depot  
  70  5:16  Barracks  
  70  5:18  SCV  
  70  5:20  Barracks, Marine  
  72  5:22  SCV  
  72  5:23  Factory Reactor  
  73  5:30  SCV  
  73  5:32  Refinery  
  73  5:34  Refinery, SCV  
  73  5:35  Supply Depot  
  75  5:39  Engineering Bay  
  75  5:40  Marine  
  75  5:41  Engineering Bay  
  76  5:44  SCV  
  76  5:46  SCV  
  76  5:49  Orbital Command  
  78  5:58  Supply Depot, SCV x2  
  78  6:00  Starport Reactor  
  80  6:06  Terran Infantry Weapons Level 1, Terran Infantry Armor Level 1  
  80  6:10  SCV x2  
  82  6:11  Marine x2  
  82  6:12  Marine x3  
  82  6:14  Orbital Command  
  87  6:19  Siege Tank  
  90  6:27  SCV x2  
  90  6:29  Barracks  
  90  6:31  Marine x3  
  95  6:33  Barracks  
  95  6:34  Marine  
  95  6:39  Medivac x2, SCV  
  101  6:40  SCV  
  101  6:44  Supply Depot  
  101  6:45  SCV  
  103  6:52  Marine x3  
  103  6:53  Marine  
  103  6:54  Supply Depot, Marine  
  107  6:57  Combat Shields  
  107  6:58  SCV  
  107  7:00  SCV x2  
  108  7:05  Siege Tank  
  108  7:07  Supply Depot  
  111  7:10  Marine  
  111  7:12  Refinery, Marine x2  
  111  7:13  Refinery  
  111  7:15  SCV x3  
  116  7:17  Barracks Reactor  
  116  7:21  Barracks Reactor  
  117  7:24  Marine  
  117  7:25  Marine  
  117  7:27  Medivac, SCV x2  
  117  7:28  SCV  
  117  7:29  Medivac  
  126  7:31  Supply Depot  
  126  7:39  SCV x2, Marine x2  
  126  7:42  Marine  
  126  7:44  Marauder  
  133  7:46  SCV  
  133  7:47  Marine  
  133  7:48  Siege Tank  
  138  7:55  Marine x2  
  138  7:56  Marine  
  138  7:57  SCV  
  142  7:59  Supply Depot, SCV  
  142  8:00  Marine, SCV  
  145  8:05  Marine x2  
  145  8:06  Marine  
  145  8:07  Supply Depot, Marine  
  149  8:20  Marine, Command Center  
  149  8:21  Marine x2  
  149  8:22  Supply Depot  
  152  8:28  SCV x2  
  152  8:30  Marine x3  
  152  8:31  Marine x2  
  152  8:32  Supply Depot  
  159  8:39  Marine  
  159  8:40  Marine x2, Siege Tank  
  165  8:44  SCV x2  
  165  8:45  Supply Depot, SCV  
  165  8:55  Supply Depot  
  154  9:09  Unknown  
  147  9:10  Unknown  
  147  9:14  Unknown  
  147  9:15  Supply Depot  
  148  9:18  Command Center  
  148  9:20  Barracks  
Show
View Real Time Build Order
Export as new Build Order

ИИ 1 (эксперт) Zerg - Winner!

Build Orders: Hatch First 

Get SALT Encoding   

  6  0:00  Drone  
  13  0:12  Overlord  
  13  0:16  Drone  
  14  0:31  Drone x2  
  14  0:34  Drone  
  17  0:55  Hatchery  
  17  0:57  Drone  
  17  1:12  Spawning Pool  
  17  1:14  Drone  
  17  1:18  Extractor  
  16  1:20  Drone  
  16  1:24  Drone  
  18  1:28  Drone  
  19  1:38  Overlord  
  19  1:49  Drone  
  20  2:00  Zergling x2  
  21  2:02  Queen  
  21  2:07  Drone  
  24  2:13  Queen  
  26  2:19  Drone  
  27  2:32  Roach Warren  
  27  2:33  Extractor  
  27  2:35  Drone  
  26  2:37  Drone  
  27  2:44  Overlord  
  27  2:48  Drone  
  28  2:52  Drone  
  28  2:55  Drone  
  30  2:59  Drone  
  30  3:02  Drone  
  33  3:05  Zergling x2  
  33  3:09  Zergling x2  
  34  3:13  Roach  
  34  3:18  Roach  
  38  3:22  Roach  
  38  3:26  Roach  
  42  3:28  Drone  
  42  3:32  Drone  
  44  3:37  Overlord  
  44  3:44  Lair  
  44  3:48  Metabolic Boost  
  45  3:55  Drone  
  45  3:56  Drone  
  45  3:58  Drone  
  45  4:00  Drone  
  45  4:02  Drone  
  49  4:05  Drone  
  49  4:07  Drone  
  51  4:11  Overlord  
  51  4:14  Drone  
  52  4:19  Evolution Chamber  
  52  4:20  Drone  
  52  4:23  Evolution Chamber  
  51  4:24  Drone  
  51  4:29  Drone x2  
  54  4:34  Drone  
  54  4:36  Drone  
  54  4:37  Drone  
  57  4:39  Drone  
  57  4:44  Infestation Pit  
  57  4:45  Drone  
  58  4:46  Zerg Missile Weapons Level 1  
  58  4:50  Zerg Ground Armor Level 1  
  58  4:53  Overlord  
  58  4:56  Overlord  
  58  4:58  Drone  
  59  5:00  Zergling x2  
  60  5:11  Drone, Roach  
  60  5:13  Roach  
  65  5:14  Hydralisk Den, Drone  
  65  5:15  Extractor  
  65  5:16  Drone  
  65  5:18  Drone  
  65  5:20  Overlord  
  66  5:23  Drone  
  66  5:28  Infestor  
  67  5:31  Extractor  
  67  5:32  Drone  
  67  5:34  Roach  
  71  5:38  Roach, Overlord, Drone x2  
  75  5:43  Drone  
  75  5:47  Hydralisk  
  75  5:48  Roach  
  80  5:51  Hydralisk  
  80  5:56  Drone  
  83  5:59  Overlord  
  83  6:03  Drone  
  84  6:07  Drone  
  85  6:13  Roach  
  87  6:20  Infestor  
  89  6:26  Overlord  
  89  6:34  Drone  
  88  6:51  Drone  
  88  6:54  Overseer  
  88  6:55  Ravager x2  
  88  6:56  Roach  
  88  6:57  Baneling Nest  
  88  6:59  Drone  
  89  7:05  Roach  
  91  7:08  Infestor  
  93  7:18  Hydralisk, Infestor  
  93  7:19  Roach  
  93  7:20  Overlord  
  99  7:23  Hydralisk  
  101  7:32  Hatchery  
  101  7:34  Drone  
  101  7:37  Infestor  
  101  7:40  Overlord  
  101  7:41  Baneling  
  101  7:42  Zergling x2, Baneling  
  101  7:43  Baneling  
  104  7:44  Zergling x2  
  104  7:45  Baneling  
  104  7:46  Baneling  
  104  7:47  Zergling x2  
  104  7:48  Baneling  
  108  7:51  Roach  
  108  7:54  Roach  
  108  7:58  Overlord  
  110  8:03  Baneling x2, Zergling x4  
  110  8:04  Baneling x2  
  110  8:05  Baneling x2, Zergling x2  
  113  8:21  Baneling, Zergling x2  
  113  8:22  Baneling  
  114  8:45  Drone x5  
  114  8:46  Overlord, Spine Crawler, Drone x5  
  114  8:47  Drone x3  
  114  8:48  Drone x3  
  129  8:54  Drone  
  130  8:56  Extractor, Drone  
  130  8:57  Drone  
  130  8:58  Zergling x4  
  130  8:59  Drone  
  118  9:03  Baneling  
  118  9:04  Baneling  
  118  9:05  Drone  
Tags
 
Add a new tag
Caveats
  • Supply blocks, unpowered buildings, or Contaminate may cause inaccurate times.
  • Supply counts are checked every 10 seconds.